 Dungeon Crawl Stone Soup version 0.18.1-50-g88ac8fd (webtiles) character file.

87 go0n the Skirmisher (level 4, -2/29 HPs)
             Began as a Gargoyle Fighter on Sept 22, 2016.
             Was an Initiate of Cheibriados.
             Killed from afar by an orc wizard (6 damage)
             ... with a puff of flame
             ... on level 3 of the Dungeon.
             The game lasted 00:06:02 (1489 turns).

go0n the Skirmisher (Gargoyle Fighter)              Turns: 1489, Time: 00:06:04

Health: -2/29      AC: 10    Str: 21    XL:     4   Next: 51%
Magic:  4/4        EV:  7    Int: 10    God:    Cheibriados [......]
Gold:   149        SH:  9    Dex: 10    Spells: 0 memorised, 3 levels left

rFire  . . .     SeeInvis .     a - +0 war axe
rCold  . . .     Gourm    .     b - +0 scale mail
rNeg   + . .     Faith    .     c - +0 shield
rPois  ∞         Spirit   .     (no helmet)
rElec  +         Dismiss  .     (no cloak)
rCorr  .         Reflect  .     (no gloves)
SustAt .         Harm     .     (no boots)
MR     .....                    (no amulet)
Stlth  ..........               (no ring)
                                (no ring)

@: very slow, not resistant to hostile enchantments, extremely unstealthy
A: negative energy resistance 1, electricity resistance, unbreathing,
petrification resistance, rot immunity, AC +3
a: Bend Time, Renounce Religion


You were on level 3 of the Dungeon.
You worshipped Cheibriados.
Cheibriados was noncommittal.
You were not hungry.

You visited 1 branch of the dungeon, and saw 3 of its levels.

You collected 149 gold pieces.

Inventory:

Hand Weapons
 a - a +0 war axe (weapon)
 e - a +0 hand axe
 k - a cursed -2 hand axe
Armour
 b - a +0 scale mail (worn)
 c - a +0 shield (worn)
 o - a +2 leather armour of poison resistance
Scrolls
 g - 2 scrolls of identify
 h - 2 scrolls of remove curse
Potions
 d - 2 potions of might
Comestibles
 q - a beef jerky


   Skills:
 + Level 4.1 Fighting
 + Level 3.0 Axes
 - Level 3.2 Armour
 * Level 1.4 Dodging
 - Level 3.2 Shields


You had 3 spell levels left.
You didn't know any spells.

Dungeon Overview and Level Annotations

Branches:
Dungeon (3/15)

Altars:
Cheibriados
Trog


Innate Abilities, Weirdness & Mutations

You are resistant to torment.
Your stone body is resilient (AC +3).
You are immune to poison.
You resist negative energy.
You are resistant to electric shocks.
You can survive without breathing.
You are immune to petrification.
You are immune to rotting.


Message History

a leather armour; an orc corpse Something hits you but does no damage. x2
You hear some strange, mumbled words.
Something tries to affect you, but you resist.
You hear some strange, mumbled words.
A puff of flame appears from out of thin air!
The puff of flame hits you!
* * * LOW HITPOINT WARNING * * *
You see here a tomahawk.
You see here a tomahawk.
You block something's attack.
You see here a tomahawk.
You miss something.
You hear some strange, mumbled words.
A magic dart appears from out of thin air!
The magic dart hits you!
You hear some strange, mumbled words.
A puff of flame appears from out of thin air!
The puff of flame hits you!
You die...

##.....#.#.####)..####.#
##............)........##
.......#.................
##....##.##............#
##.......####.#...#.##.#
.......... #.#...#.# .
###.#.###.# #.#(..#.#
#.#.. .# #.......# #.##.#
.# #)##@##.#
#.......#####
#.#..[......#
#.#.....###.#
#.#.........
........##..# ..#......#
.# ......##### # ......#


There were no monsters in sight!

Vanquished Creatures
  5 adders (D:2)
  An ooze (D:3)
  A dart slug (D:1)
  3 giant geckos
  2 orcs (D:3)
  2 bats (D:1)
  A giant cockroach (D:2)
  2 goblins (D:1)
  5 hobgoblins
  3 giant newts (D:2)
  6 kobolds
  4 rats
35 creatures vanquished.

Notes
Turn   | Place    | Note
--------------------------------------------------------------
     0 | D:1      | go0n the Gargoyle Fighter began the quest for the Orb.
     0 | D:1      | Reached XP level 1. HP: 14/14 MP: 1/1
   155 | D:1      | Reached XP level 2. HP: 19/19 MP: 2/2
   441 | D:2      | Reached XP level 3. HP: 24/24 MP: 3/3
   530 | D:2      | Reached skill level 4 in Fighting
   651 | D:2      | Reached XP level 4. HP: 3/29 MP: 4/4
   820 | D:2      | Reached skill level 1 in Dodging
  1292 | D:2      | Found a snail-covered altar of Cheibriados.
  1299 | D:2      | Became a worshipper of Cheibriados the Contemplative
  1369 | D:3      | Found a bloodstained altar of Trog.
  1489 | D:3      | Killed from afar by an orc wizard

Skill      XL: |  1  2  3  4 |
---------------+-------------+-----
Axes           | 2 3 |  3.0
Fighting       | 4 |  4.1
Dodging        | 1 |  1.4
Armour         | |  3.2
Shields        | |  3.2

Action                   |  1- 3 |  4- 6 || total
-------------------------+-------+-------++-------
Melee: War axe           |    82 |    42 ||   124
  Use: Scroll            |       |     4 ||     4
       Potion            |       |     4 ||     4
  Eat: Bread ration      |       |     1 ||     1
Armor: Scale mail        |    36 |    43 ||    79
       Leather armour    |    20 |       ||    20
Dodge: Dodged            |    29 |    14 ||    43
Block: Shield            |    52 |    20 ||    72
